 Seeded DCSS version 0.28-a0-1312-g71652a0310 (webtiles) character file.

Game seed: 12219887455895637472 (custom seed)

51 wilfster70 the Caller (level 3, 0/21 HPs)
             Began as a Felid Summoner on Dec 26, 2021.
             Succumbed to an adder's poison
             ... on level 2 of the Dungeon on Dec 27, 2021.
             The game lasted 00:07:56 (2164 turns).

wilfster70 the Caller (Felid Summoner)              Turns: 2164, Time: 00:07:57

Health: 0/21       AC: 21    Str:  4    XL:     3   Next: 57%
Magic:  4/8        EV:  4    Int: 18    God:
Gold:   25         SH:  0    Dex: 16    Spells: 2/8 levels left
                                        Lives:  0   Deaths: 0

rFire   . . .      SeeInvis +   (weapon unavailable)
rCold   . . .      Faith    .   (shield unavailable)
rNeg    . . .      Spirit   .   (armour unavailable)
rPois   +          Reflect  .   (helmet unavailable)
rElec   .          Harm     .   (cloak unavailable)
rCorr   .          Rampage  .   (gloves unavailable)
Will    .....      NoTele   +   (boots unavailable)
Stlth   ++........              (no amulet)
HPRegen 0.07/turn               (no ring)
MPRegen 0.11/turn               (no ring)

@: brilliant, lethally poisoned (0 -> -7), tree-form
A: stationary, stasis, torment immunity, boosted hp, very small, (claws 1),
(fangs 3), see invisible, (speed 1), (shaggy fur 1), (stealthy paws), no weapons
or thrown items, no armour, multi-lived
a: no special abilities


You were on level 2 of the Dungeon.
You were a tree.
You visited 1 branch of the dungeon, and saw 2 of its levels.

You collected 25 gold pieces.

Inventory:

Scrolls
 a - a scroll of teleportation {unknown}
Potions
 b - a potion of lignification


   Skills:
 - Level 2.6 Dodging
 - Level 2.6 Stealth
 + Level 3.0 Spellcasting
 + Level 4.7 Summonings


You had 2 spell levels left.
You knew the following spells:

 Your Spells              Type           Power      Damage    Failure   Level
a - Summon Small Mammal   Summ           100%       N/A       2%          1
b - Call Imp              Summ           29%        N/A       3%          2
c - Call Canine Familiar  Summ           29%        N/A       7%          3

Your spell library contained the following spells:

 Spells                   Type           Power      Damage    Failure   Level
 Blink                    Tloc           8%         N/A       24%         2
 Summon Guardian Golem    Hex/Summ       16%        N/A       19%         3
 Gell's Gravitas          Tloc           4%         N/A       43%         3
 Lesser Beckoning         Tloc           4%         N/A       43%         3
 Teleport Other           Tloc           4%         N/A       43%         3
 Summon Lightning Spire   Summ/Air       16%        N/A       52%         4
 Manifold Assault         Tloc           4%         N/A       99%         5
 Storm Form               Tmut/Air       2%         N/A       100%        7
 Maxwell's Capacitive Co  Air            2%         ∞         100%        8


Dungeon Overview and Level Annotations

Branches:
Dungeon (2/15)

Altars:


Innate Abilities, Weirdness & Mutations

You are a tree.
Your roots penetrate the ground, keeping you stationary.
You cannot be teleported.
You are immune to unholy pain and torment.
Your maximum health is greatly increased.
((You have sharp claws.))
((You have razor-sharp teeth.))
You have supernaturally acute eyesight. (SInv)
((You cover ground quickly. (Speed+)))
((You are covered in fur. (AC +1)))
((Your paws help you pounce on unaware monsters.))
You are incapable of wielding weapons or throwing items.
You cannot wear armour.
You gain extra lives every three experience levels.


Message History

Found 23 stones.
Casting: Call Imp (safe; 3% risk of failure)
Confirm with . or Enter, or press ? or * to list all spells.
A beastly little devil appears in a puff of flame.
The adder completely misses you.
Your crimson imp hits the adder.
Casting: Call Imp (safe; 3% risk of failure)
Confirm with . or Enter, or press ? or * to list all spells.
The adder bites you.
You are poisoned.
The adder poisons you!
Your crimson imp misses the adder.
You feel sick. The adder closely misses you.
Your crimson imp blinks!
The adder closely misses you.
You feel sick.
Your crimson imp blinks!
You scratch the adder but do no damage.
The adder is lightly wounded.
You feel sick.
Your rat barely misses the adder.
The adder completely misses you.
You barely miss the adder.
The adder is lightly wounded.
You feel sick.
Your rat misses the adder. The adder barely misses you.
You scratch the adder but do no damage.
The adder is lightly wounded.
You feel sick. The adder bites you but does no damage.
Your rat closely misses the adder.
Your crimson imp closely misses the adder.
The adder bites you.
* * * LOW HITPOINT WARNING * * *
You are lethally poisoned!
The adder poisons you!
It was a potion of brilliance.
You feel clever all of a sudden.
* * * LOW HITPOINT WARNING * * *
You feel sick.
Your rat closely misses the adder.
Your crimson imp blinks!
The adder barely misses you.
It was a potion of lignification.
You turn into a tree.
Your roots penetrate the ground.
You die...

...#.#.#...#####.........
####...........<..)........
(...#......#######.#.......
..........## ...#.......
.....##))# ...###.......
.....##..###.### #..#####
#..#......## #.##
.#.###..†r..# #.#
...5.....S♣#..# #.#
...###...§...##
...>.....### ........#...
.........###..# .........#
#.# ......(... ...
.........# ..


You could see an adder (ally target), a friendly crimson imp (summoned) and a
friendly rat (summoned).

Vanquished Creatures
  An adder (D:2)
  3 ball pythons (D:1)
  4 bats
  A frilled lizard (D:1)
  A rat (D:1)
10 creatures vanquished.

Vanquished Creatures (collateral kills)
  2 ball pythons (D:1)
  8 endoplasms (D:1)
  A giant cockroach (D:1)
  2 goblins (D:1)
  4 hobgoblins
  2 quokkas (D:1)
  2 bats (D:1)
  3 frilled lizards (D:1)
  5 kobolds
  A rat (D:1)
30 creatures vanquished.

Grand Total: 40 creatures vanquished

Notes
Turn   | Place    | Note
-------+----------+-------------------------------------------
     0 | D:1      | wilfster70 the Felid Summoner began the quest for the Orb.
     0 | D:1      | Reached XP level 1. HP: 7/7 MP: 4/4
     3 | D:1      | Upgraded the game from 0.28-a0-1286-g6bde065e89 to
                  | 0.28-a0-1312-g71652a0310
   282 | D:1      | Reached XP level 2. HP: 11/11 MP: 3/6
   551 | D:1      | Learned a level 2 spell: Call Imp
  1041 | D:1      | Found a faded altar of an unknown god.
  1380 | D:1      | Reached XP level 3. HP: 13/14 MP: 5/8
  1384 | D:1      | Learned a level 3 spell: Call Canine Familiar
  2164 | D:2      | Succumbed to an adder's poison

Illustrated notes

Levels and vault maps discovered:
D:1:      mushboom_english_gardens, layout_loops_ring, serial_aquarium,
          aquarium_bridge_island_small [aquarium_subvault_small_open,
          aquarium_subvault_wall, aquarium_subvault_bridge,
          aquarium_subvault_bridge, aquarium_subvault_wall],
          aquarium_window_fake, aquarium_window_1, aquarium_window_2,
          aquarium_view_2f, aquarium_view_2f, aquarium_pool_2,
          nicolae_ecumenical_lake_church
D:2:      layout_rooms, kennysheep_generic_room_3

Skill      XL: |  1  2  3 |
---------------+----------+-----
Spellcasting   | 3 |  3.0
Dodging        | |  2.6
Stealth        | |  2.6
Summonings     | |  4.7

Action                   || total
-------------------------++-------
Melee: Unarmed           ||    32
       Bite              ||     2
 Cast: Summon Small Mamm ||    26
       Call Imp          ||    22
  Use: Potion            ||     2
 Stab: Distracted        ||     1
       Sleeping          ||     1
Armor: Skin              ||     2
Dodge: Dodged            ||    48

Table legend: (Time is in decaauts)
 A = Elapsed time spent in this place.
 B = Non-inter-level travel time spent in this place.
 C = Inter-level travel time spent in this place.
 D = Time resting spent in this place.
 E = Time spent auto-exploring this place.
 F = Levels seen in this place.
 G = Mean time per level.
                   A        B        C        D        E       F      G
               +--------+--------+--------+--------+--------+-----+--------+
         Total |   1973 |   1933 |     40 |    913 |    455 |   2 |  986.5 |
       Dungeon |   1973 |   1933 |     40 |    913 |    455 |   2 |  986.5 |
               +--------+--------+--------+--------+--------+-----+--------+

Top non-repeatable levels by time:
     D:1: 1840 daAuts
     D:2: 132 daAuts
